cohdb
Replays
Latest Replays
All Replays
Popular Replays
Top Player Replays
Match Explorer
How It Works
Community
CoH3 Stats
Reddit
Sign in to upload your games and track your stats! →
Sign in with Steam
Match 38733980
Unlisted
Match 38733980
Overview
Messages
Build Orders
End
Selects Heavy Armor Battlegroup
Vickers Machine Gun Team
Construct Section Command Post
Dingo Light Scout Car
Infantry Section
Infantry Section
Construct Platoon Command Post
Selects Engineer Detachments
Humber Armored Car
Infantry Training
Grenade Package
CMP 15cwt Truck
Selects Light Vehicle Withdraw and Refit
Grenade Package
Light Vehicle Withdraw and Refit
Construct Company Command Post
6-pounder Anti-tank Gun Team
Forward Retreat Point
Unlock M3 Grant Medium Tanks
6-pounder Anti-tank Gun Team
torbjornuser
Squirtle
Kakamora
카츄사
Kanade
嫂子开门我是我哥
皮皮
JT
0
0
Comments
sign in to comment!
No comments posted yet!